 Dungeon Crawl Stone Soup version 0.31.0-10-gcf4a605ca0 (webtiles) character file.

Game seed: 10489635757443226542

989 Flugkiller the Ruffian (level 7, 7/67 HPs)
             Began as a Troll Enchanter on Jan 25, 2024.
             Was an Initiate of Ru.
             Quit the game on level 5 of the Dungeon.
             The game lasted 00:02:46 (3347 turns).

Flugkiller the Ruffian (Troll Enchanter)            Turns: 3347, Time: 00:02:46

Health: 7/67       AC:  6    Str: 19    XL:     7   Next: 98%
Magic:  7/7        EV:  9    Int: 11    God:    Ru [......]
Gold:   162        SH:  0    Dex: 10    Spells: 8/8 levels left

rFire   + .          .
                       - Unarmed
rCold   . . .        (no shield)
rNeg    . . .        e - +2 robe {rF+}
rPois   .            (helmet restricted)
rElec   .            (no cloak)
rCorr   .            (gloves unavailable)
SInv    .            (boots unavailable)
Will    .....        b - amulet of the acrobat
Stlth   ++           (no ring)
HPRegen 1.11/turn    (no ring)
MPRegen 0.10/turn

%: acrobat
@: no status effects
A: large, unfitting armour, claws 3, regeneration 1, shaggy fur 1, tough skin 1
a: Renounce Religion


You were on level 5 of the Dungeon.
You worshipped Ru.
Ru was noncommittal.
You visited 2 branches of the dungeon, and saw 6 of its levels.

You collected 162 gold pieces.

Inventory:

Missiles
 d - 6 boomerangs (quivered)
 f - 4 javelins
 g - 3 large rocks
Armour
 c - a +0 kite shield
   (You found it on level 1 of the Dungeon)
 e - a +2 robe of fire resistance (worn)
   (You took it off Sigmund on level 2 of the Dungeon)
Jewellery
 b - an amulet of the acrobat (around neck)
   (You found it on level 3 of the Dungeon)
Talismans
 a - a flux talisman
   (You found it on level 1 of the Dungeon)


   Skills:
 + Level 3.6 Fighting
 - Level 0.7 Short Blades
 - Level 1.5 Dodging
 - Level 1.5 Stealth
 + Level 3.7 Shields
 * Level 6.4 Unarmed Combat
 - Level 1.2 Spellcasting
 - Level 2.0 Hexes


You had 8 spell levels left.
You didn't know any spells.
Your spell library contained the following spells:

 Spells                   Type           Power      Damage    Failure   Level
 Slow                     Hex            20%        N/A       14%         1
 Shock                    Conj/Air       0%         1d3       32%         1
 Ensorcelled Hibernation  Hex/Ice        4%         N/A       32%         2
 Confusing Touch          Hex            5%         N/A       38%         3
 Sigil of Binding         Hex            5%         N/A       38%         3
 Tukima's Dance           Hex            5%         N/A       38%         3
 Call Imp                 Summ           0%         N/A       43%         2
 Sublimation of Blood     Necr           0%         N/A       43%         2
 Dazzling Flash           Conj/Hex       4%         N/A       54%         3
 Inner Flame              Hex/Fire       2%         N/A       54%         3
 Swiftness                Air            0%         N/A       67%         3
 Vampiric Draining        Necr           0%         2d6       67%         3
 Airstrike                Air            0%         2d(0-16)  97%         4
 Irradiate                Conj/Alch      0%         3d11      100%        5
 Summon Hydra             Summ           0%         N/A       100%        7
 Ignition                 Fire           0%         3d3       100%        8


Dungeon Overview and Level Annotations

Branches:
Dungeon (5/15) Zot: 26663  Temple (1/1) D:5 Zot: 5985

Altars:
Ashenzari
Cheibriados
Dithmenos
Elyvilon
Fedhas
Gozag
Hepliaklqana
Kikubaaqudgha
Makhleb
Nemelex Xobeh
Okawaru
Qazlal
Ru
Sif Muna
Wu Jian
Xom
Yredelemnul
Zin
The Shining One

Shops:
D:1 [=(!

Annotations:
D:2 1 runed translucent door, Crazy Yiuf
D:3 3 runed translucent doors, Skimidon's ghost, amateur VSEn


Innate Abilities, Weirdness & Mutations

You are too large for most types of armour.
You have claws for hands.
Your natural rate of healing is unusually fast.
You are covered in fur. (AC +1)
You have tough skin. (AC +1)


Message History

A hound comes into view.
The hound barks!
Unknown command.
The hound misses you. The hound barely misses you.
You closely miss the hound. The hound barely misses you.
You claw the hound!
The hound is heavily wounded.
The hound bites you.
You claw the hound!
The hound is almost dead.
The hound bites you. x2
You barely miss the hound.
The hound is almost dead.
The hound completely misses you.
You claw the hound!
You kill the hound!
You see here a hound corpse.
HP restored.
You see here a +2 spear of pain.
No target in view!
A white imp comes into view.
Found a ring mail.
The white imp shouts, "Embrace submission, thou loggerheaded ill-nurtured flirt-gill!"
Found a metallic blue potion.
The white imp gestures at you.
The puff of frost hits you but does no damage.
A white imp is nearby!
You scratch the white imp but do no damage.
The white imp completely misses you.
You claw the white imp!
The white imp is heavily wounded.
The white imp hits you. The white imp freezes you.
You claw the white imp!
You kill the white imp!
No target in view!
No target in view!
No target in view!
A gnoll comes into view. It is wielding a +0 whip.
The gnoll shouts!
A gnoll is nearby!
A gnoll bouda and a gnoll come into view.
The gnoll shouts!
A gnoll comes into view. It is wielding a +0 halberd.
There are monsters nearby!
A gnoll comes into view. It is wielding a +0 flail.
The gnoll shouts!
You scratch the gnoll but do no damage. You claw the gnoll.
The gnoll is heavily wounded.
You claw the gnoll!
You kill the gnoll!
The gnoll closely misses you.
You claw the gnoll!
You kill the gnoll!
The gnoll bouda gazes fiercely through you!
You feel your attacks grow feeble.
The gnoll hits you from afar with a +0 halberd.
You completely miss the gnoll bouda. The gnoll barely misses you. x2
You completely miss the gnoll bouda. You claw the gnoll bouda!
You claw the gnoll bouda.
The gnoll bouda is heavily wounded.
The gnoll hits you but does no damage. The gnoll barely misses you.
You scratch the gnoll.
The gnoll is lightly wounded.
The gnoll bouda misses you. The gnoll hits you with a +0 flail.
The gnoll closely misses you.
You scratch the gnoll bouda.
The gnoll bouda is almost dead.
Your attacks no longer feel as feeble.
The gnoll bouda barks out a call to the hunt!
The gnolls pick up the pace!
The gnoll hits you with a +0 flail.
The gnoll hits you from afar with a +0 halberd!
You claw the gnoll!
The gnoll is severely wounded.
The gnoll bouda calls upon its god to heal the gnoll.
The gnoll is healed somewhat.
The gnoll completely misses you. The gnoll barely misses you.
You completely miss the gnoll bouda.
The gnoll bouda is severely wounded.
The gnoll bouda mumbles some strange prayers to its god.
The gnoll bouda is healed somewhat.
The gnoll hits you with a +0 flail!
The gnoll hits you from afar with a +0 halberd.
You scratch the gnoll bouda.
The gnoll bouda is severely wounded.
The gnoll hits you with a +0 flail.
The gnoll bouda hits you with a +0 whip.
The gnoll hits you from afar with a +0 halberd!
You are too injured to fight recklessly!
You scratch the gnoll bouda but do no damage.
The gnoll bouda is severely wounded.
The gnoll bouda hits you with a +0 whip!
* * * LOW HITPOINT WARNING * * *
The gnoll hits you with a +0 flail!
* * * LOW HITPOINT WARNING * * *
The gnoll hits you from afar with a +0 halberd.
* * * LOW HITPOINT WARNING * * *
You are too injured to fight recklessly!
You aren't carrying any potions.
Unknown command.
Are you sure you want to abandon this character and quit the game? (Confirm with "yes".)

#.#....###......###.......!..#
#.......#....................#
#.......#................#####
.........................#
.......##..#.............#
?......###.#...............
...........#...............
.......#####...)...........
.......##.......@g##......
................g.......
.......#..........g.....
........................
#####.##.....#.......... ##
#........#..........
.####.#......#..........
.............#..........
..###.#......#


You could see a gnoll bouda and 2 gnolls.

Vanquished Creatures
  Grinder (D:3)
  Sigmund (D:2)
  2 bombardier beetles (D:4)
  2 hounds (D:5)
  Jessica (D:3)
  6 iguanas
  A sleepcap (D:5)
  Natasha (D:2)
  3 orc wizards
  6 adders
  5 gnolls
  A white imp (D:5)
  A dart slug (D:3)
  9 orcs
  8 endoplasms
  3 giant cockroaches
  6 goblins
  8 hobgoblins
  8 kobolds
  A quokka (D:3)
  A ball python (D:1)
  8 bats
  A frilled lizard (D:1)
  A rat (D:2)
85 creatures vanquished.

Notes
Turn   | Place    | Note
-------+----------+-------------------------------------------
     0 | D:1      | Flugkiller the Troll Enchanter began the quest for the Orb.
     0 | D:1      | Reached XP level 1. HP: 16/16 MP: 1/1
   188 | D:1      | Reached skill level 1 in Unarmed Combat
   278 | D:1      | Found Ymumomei's Jewellery Boutique.
   300 | D:1      | Reached XP level 2. HP: 26/26 MP: 2/2
   340 | D:1      | Found Darucaw's Distillery.
   485 | D:1      | Found Huaduh's Antique Armour Shop.
   553 | D:1      | Found Zarueklenow's Weapon Emporium.
   741 | D:2      | Reached skill level 1 in Fighting
   741 | D:2      | Reached skill level 2 in Unarmed Combat
   760 | D:2      | Reached XP level 3. HP: 33/33 MP: 3/3
   903 | D:2      | Noticed Sigmund
   921 | D:2      | Killed Sigmund
   922 | D:2      | Reached skill level 3 in Unarmed Combat
   922 | D:2      | Reached XP level 4. HP: 27/42 MP: 4/4
   922 | D:2      | Reached XP level 5. HP: 32/49 MP: 5/5
  1111 | D:2      | Found a hazy altar of Hepliaklqana.
  1139 | D:2      | Found a runed translucent door.
  1140 | D:2      | Noticed Crazy Yiuf
  1283 | D:2      | Noticed Natasha
  1288 | D:2      | Killed Natasha
  1289 | D:2      | Reached skill level 4 in Unarmed Combat
  1372 | D:3      | Noticed Jessica
  1377 | D:3      | Killed Jessica
  1378 | D:3      | Reached XP level 6. HP: 57/57 MP: 6/6
  1593 | D:3      | Noticed Grinder
  1599 | D:3      | Paralysed by Grinder for 4 turns
  1608 | D:3      | Killed Grinder
  1609 | D:3      | Reached skill level 5 in Unarmed Combat
  1609 | D:3      | Reached XP level 7. HP: 61/66 MP: 7/7
  1670 | D:3      | Found a runed translucent gate.
  1673 | D:3      | Noticed Skimidon's ghost (amateur VSEn)
  1675 | D:3      | Found a runed translucent gate.
  1675 | D:3      | Found a runed translucent gate.
  1816 | D:3      | Found a burning altar of Makhleb.
  2989 | D:5      | Entered Level 5 of the Dungeon
  3016 | D:5      | Reached skill level 6 in Unarmed Combat
  3213 | D:5      | Found a staircase to the Ecumenical Temple.
  3235 | Temple   | Entered the Ecumenical Temple
  3242 | Temple   | Became a worshipper of Ru the Awakened
  3347 | D:5      | Quit the game

Illustrated notes

Levels and vault maps discovered:
D:1:      nicolae_arrival_washed_ashore, layout_loops_ring, serial_shops,
          nicolae_shop_gibbet_a_chance, shop, nicolae_shop_rolling_square, shop
D:2:      layout_basic, basic_altar, uniq_sigmund, uniq_crazy_yiuf_cottage,
          uniq_natasha
D:3:      layout_basic, lightli_temple_of_fire, gammafunk_ghost_nasty_kobolds,
          kennysheep_generic_room_5, uniq_jessica, uniq_grinder
D:4:      layout_basic, amethyst_killhole, kennysheep_donut
D:5:      layout_basic, fiery_altar_vehumet, minmay_temple_entry_tees
Temple:   sentei_temple_godly_chess

Skill      XL: |  1  2  3  4  5  6  7 |
---------------+----------------------+-----
Unarmed Combat | 1 2 3 4 5 6 |  6.4
Fighting       | 1 2 3 |  3.6
Shields        | 2 3 |  3.7
Short Blades   | |  0.7
Dodging        | |  1.5
Stealth        | |  1.5
Spellcasting   | |  1.2
Hexes          | |  2.0

Action                     |  1- 3 |  4- 6 |  7- 9 || total
---------------------------+-------+-------+-------++-------
  Melee: Unarmed           |    80 |    40 |   146 ||   266
         Punch             |     1 |     2 |     6 ||     9
   Stab: Sleeping          |     1 |     1 |     2 ||     4
 Armour: Robe              |    62 |    29 |    82 ||   173
  Dodge: Dodged            |    27 |     9 |    77 ||   113
